 Dungeon Crawl Stone Soup version 0.26-a0-710-g95a0c6c400 (webtiles) character file.

Game seed: 16864036608888921147

156 ANON1729 the Ruffian (level 5, -2/45 HPs)
             Began as a Deep Dwarf Transmuter on Oct 30, 2020.
             Killed from afar by a white imp (7 damage)
             ... with a puff of frost
             ... on level 3 of the Dungeon.
             The game lasted 00:14:47 (3111 turns).

ANON1729 the Ruffian (Deep Dwarf Transmuter)        Turns: 3111, Time: 00:14:47

Health: -2/45      AC:  4    Str: 15    XL:     5   Next: 15%
Magic:  7/9        EV: 12    Int: 13    God:
Gold:   114        SH:  0    Dex: 13    Spells: 3/9 levels left

rFire    . . .     SeeInvis .     - Unarmed
rCold    . . .     Faith    .   (no shield)
rNeg     . . .     Spirit   .   s - +0 leather armour
rPois    .         Reflect  .   (helmet currently unavailable)
rElec    .         Harm     .   (no cloak)
rCorr    .         Rampage  .   r - +0 pair of gloves
MR       .....                  (boots currently unavailable)
Stlth    +.........             (no amulet)
HPRegen  0.00/turn              (no ring)
MPRegen  0.11/turn              (no ring)

@: appendages, wereblooded (expiring), non-regenerating
A: damage resistance, heal wounds, horns 2, talons 2, sense surroundings 1, no
regeneration
a: Heal Wounds, End Transformation


You were on level 3 of the Dungeon.
You had grown temporary horns.
You had grown temporary talons.
You visited 1 branch of the dungeon, and saw 3 of its levels.

You collected 114 gold pieces.

Inventory:

Missiles
 i - 34 poisoned darts (quivered)
Armour
 a - a +0 robe
 l - a +2 pair of boots (melded)
 m - a +0 ring mail
 r - a +0 pair of gloves (worn)
 s - a +0 leather armour (worn)
Scrolls
 d - 3 scrolls of teleportation {unknown}
 e - 7 scrolls of identify {unknown}
 f - a scroll of fear {unknown}
 j - a scroll of blinking {unknown}
 n - 2 scrolls of immolation {unknown}
 p - a scroll of noise {unknown}
Potions
 b - a potion of invisibility {unknown}
 c - 2 potions of lignification {unknown}
 g - a potion of haste {unknown}
 h - 2 potions of flight {unknown}
 k - 2 potions of might {unknown}
 o - a potion of brilliance {unknown}
 q - a potion of mutation {unknown}


   Skills:
 + Level 1.7 Fighting
 + Level 2.9 Dodging
 + Level 3.1 Unarmed Combat
 * Level 2.8 Spellcasting
 * Level 2.9 Transmutations
 + Level 0.9 Poison Magic


You had 3 spell levels left.
You knew the following spells:

 Your Spells              Type           Power        Failure   Level
a - Beastly Appendage     Tmut           #.....       9%          1
b - Wereblood             Tmut           #.......     13%         2
c - Spider Form           Tmut/Pois      #.........   36%         3

Your spell library contained the following spells:

 Spells                   Type           Power        Failure   Level
 Ice Form                 Ice/Tmut       #.......     85%         4
 Blade Hands              Tmut           #.........   94%         5


Dungeon Overview and Level Annotations

Branches:
Dungeon (3/15)

Altars:
Ashenzari
Elyvilon

Annotations:
D:3 exclusion: white imp


Innate Abilities, Weirdness & Mutations

You are resistant to damage.
You can heal yourself by infusing magical energy.
You passively map a small area around you.
You do not regenerate.
You have a pair of horns on your head.
You have razor-sharp toenails.


Message History

The white imp misses you.
You completely miss the white imp.
You claw the white imp, but do no damage.
You headbutt the white imp.
The white imp is heavily wounded.
Your primal bloodlust is almost over.
The white imp hits you. The white imp freezes you.
You hit the white imp.
The white imp is almost dead.
The white imp barely misses you.
You closely miss the white imp. Your kick misses the white imp.
Your headbutt misses the white imp.
The white imp is almost dead.
The white imp hits you. The white imp freezes you.
* * * LOW HITPOINT WARNING * * *
You hit the white imp but do no damage.
The white imp is almost dead.
The white imp gestures at you. The puff of frost hits you!
You die...

##.#....................##..
#.$.....#####....>#..?...###
..##+##.†## ##...#.#......#.
,≈##..## ##.###.#######. *
##..## #.# ... .#. ** ≈
##..# #.# ...[ ,.## , ≈*#..#
#.# .... ##. _ ##.#*#.# *
...##.. * * #@#.#5 ,, ##...
, , #.5...## ##.... #
##......### ##..... , ##.
##......... *#...... * **
..##.........######..## *
,...................... *
*##..#.......######.###
##.#.........######.# #
#####.###.##............# #


You could see a white imp.

Vanquished Creatures
  7 adders
  An ooze (D:1)
  6 worms
  A dart slug (D:1)
  3 leopard geckos
  4 orcs (D:3)
  3 giant cockroaches
  4 goblins
  4 hobgoblins
  A quokka (D:3)
  2 ball pythons (D:2)
  16 bats
  2 frilled lizards (D:3)
  6 kobolds
  10 rats
70 creatures vanquished.

Notes
Turn   | Place    | Note
-------+----------+-------------------------------------------
     0 | D:1      | ANON1729 the Deep Dwarf Transmuter began the quest for the
                  | Orb.
     0 | D:1      | Reached XP level 1. HP: 16/16 MP: 3/3
   166 | D:1      | Reached skill level 1 in Fighting
   317 | D:1      | Reached XP level 2. HP: 25/25 MP: 1/4
   323 | D:1      | Learned a level 2 spell: Wereblood
   725 | D:1      | Reached XP level 3. HP: 19/31 MP: 4/6
  1097 | D:2      | Learned a level 3 spell: Spider Form
  1439 | D:2      | Reached skill level 3 in Unarmed Combat
  1581 | D:2      | Reached XP level 4. HP: 35/38 MP: 5/7
  1864 | D:2      | Found a white marble altar of Elyvilon.
  2245 | D:3      | Found a broken altar of Ashenzari.
  2370 | D:3      | Reached XP level 5. HP: 24/44 MP: 7/9
  3111 | D:3      | Killed from afar by a white imp

Illustrated notes

Levels and vault maps discovered:
D:1:      eino_arrival_tree_alley, layout_loops_cross
D:2:      layout_basic, elyvilon_altar_4
D:3:      layout_loops_corners, overflow_temple_1_default,
          gammafunk_temple_overflow_claw, nicolae_ashenzari_panopticon

Skill      XL: |  1  2  3 |
---------------+----------+-----
Fighting       | 1 |  1.7
Transmutations | 2 |  2.9
Spellcasting   | 2 |  2.8
Unarmed Combat | 3 |  3.1
Dodging        | |  2.9
Poison Magic   | |  0.9

Action                   |  1- 3 |  4- 6 || total
-------------------------+-------+-------++-------
Melee: Unarmed           |   102 |    88 ||   190
       Kick              |    17 |    20 ||    37
       Headbutt          |    12 |    11 ||    23
Throw: Dart              |    27 |    65 ||    92
 Cast: Beastly Appendage |    29 |    12 ||    41
       Wereblood         |     2 |     4 ||     6
 Abil: Heal Wounds       |     1 |       ||     1
 Stab: Sleeping          |       |     1 ||     1
Armor: Robe              |    22 |    18 ||    40
Dodge: Dodged            |    72 |    59 ||   131

Table legend: (Time is in decaauts)
 A = Elapsed time spent in this place.
 B = Non-inter-level travel time spent in this place.
 C = Inter-level travel time spent in this place.
 D = Time resting spent in this place.
 E = Time spent auto-exploring this place.
 F = Levels seen in this place.
 G = Mean time per level.
                   A        B        C        D        E       F      G
               +--------+--------+--------+--------+--------+-----+--------+
         Total |   3101 |   2947 |    154 |     51 |   1900 |   3 | 1033.7 |
       Dungeon |   3101 |   2947 |    154 |     51 |   1900 |   3 | 1033.7 |
               +--------+--------+--------+--------+--------+-----+--------+

Top non-repeatable levels by time:
     D:2: 1134 daAuts
     D:3: 1081 daAuts
     D:1: 885 daAuts
